 Dungeon Crawl Stone Soup version 0.16-a0-3939-g9a3e665 (console) character file.

1539 Monkaria the Cleaver (level 8, -6/69 HPs)
             Began as a Hill Orc Fighter on Feb 6, 2015.
             Was an Initiate of Makhleb.
             Mangled by an ogre
             ... wielding a +0 giant club
              (21 damage)
             ... on level 6 of the Dungeon.
             The game lasted 00:09:16 (5184 turns).

Monkaria the Cleaver (Hill Orc Fighter)             Turns: 5184, Time: 00:09:16

Health: -6/69      AC: 10    Str: 21    XL:     8   Next: 86%
Magic:  6/6        EV:  7    Int:  6    God:    Makhleb [......]
Gold:   173        SH: 11    Dex: 12    Spells: 0 memorised, 7 levels left

rFire  . . .     SeeInvis .     a - +0 war axe
rCold  . . .     Clarity  .     b - +0 scale mail
rNeg   + . .     SustAb   .     c - +0 shield
rPois  .         Gourm    +     (no helmet)
rElec  .         Spirit   .     (no cloak)
rCorr  .         Warding  .     l - +0 pair of gloves
rMut   .         Stasis   .     (no boots)
MR     ++...                    x - amulet of the gourmand
Stlth  ..........               M - ring of positive energy
                                m - ring of protection from magic

@: very resistant to hostile enchantments, extremely unstealthy
A: large bone plates 1, agile 1, dopey 1, low mp 2, magic resistance 1,
screaming 1, placid magic 1
a: Renounce Religion


You were on level 6 of the Dungeon.
You worshipped Makhleb.
Makhleb was noncommittal.
You were full.

You visited 2 branches of the dungeon, and saw 7 of its levels.

You collected 173 gold pieces.

Inventory:

Hand weapons
 a - a +0 war axe (weapon)
 C - a +0 blowgun
Missiles
 D - 24 poisoned needles
Armour
 b - a +0 scale mail (worn)
 c - a +0 shield (worn)
 l - a +0 pair of gloves (worn)
Jewellery
 i - an uncursed ring of invisibility
 m - a ring of protection from magic (left hand)
 o - an uncursed ring of ice
 t - an uncursed ring of magical power
 x - an amulet of the gourmand (around neck)
 E - an uncursed ring of ice
 M - a ring of positive energy (right hand)
 N - an uncursed ring of ice
Scrolls
 k - 5 scrolls of remove curse
 n - 3 scrolls of immolation {unknown}
 q - a scroll of random uselessness {unknown}
 s - 2 scrolls of fog {unknown}
 y - 3 scrolls of teleportation {unknown}
 A - a scroll of noise {unknown}
 F - 2 scrolls of enchant armour {unknown}
Potions
 e - a potion of might
 f - a potion of berserk rage {unknown}
 j - a potion of cancellation
 p - a potion of ambrosia
 u - a potion of invisibility
 w - 2 potions of poison
 G - a potion of lignification {unknown}
 H - a potion of curing {unknown}
 I - a potion of heal wounds
 K - 2 potions of resistance {unknown}
Books
 h - a book of Conjurations

   Spells                             Type                      Level
   a - Magic Dart                     Conjuration                  1
   b - Searing Ray                    Conjuration                  2
   c - Dazzling Spray                 Conjuration/Hexes            3
   d - Fulminant Prism                Conjuration/Hexes            4
   e - Iskenderun's Mystic Blast      Conjuration                  4
   f - Iskenderun's Battlesphere      Conjuration/Charms           5
 r - Podd's Incunabulum of Venomous Shape Shifting
   (You found it on level 6 of the Dungeon)

   Spells                             Type                      Level
   a - Stoneskin                      Transmutation/Earth          2
   b - Spider Form                    Transmutation/Poison         3
   c - Alistair's Intoxication        Transmutation/Poison         4
   d - Blade Hands                    Transmutation                5
   e - Hydra Form                     Transmutation                6
Comestibles
 d - 4 meat rations
 g - 4 fruits
 v - 5 bread rations
 z - a royal jelly
 B - 2 beef jerkies
 L - 2 slices of pizza


   Skills:
 - Level 5.5 Fighting
 * Level 13.0 Axes
 - Level 3.2 Armour
 - Level 3.2 Shields


You had 7 spell levels left.
You didn't know any spells.

Dungeon Overview and Level Annotations

Branches:
Dungeon (6/15)             Temple (1/1) D:6

Altars:
Ashenzari
Cheibriados
Dithmenos
Fedhas
Gozag
Kikubaaqudgha
Makhleb
Nemelex Xobeh
Okawaru
Qazlal
Ru
Trog
Yredelemnul
Zin


Innate Abilities, Weirdness & Mutations

You are partially covered in large bone plates (AC +2, SH +2).
You are agile. (Dex +2)
You are dopey. (Int -2)
Your magical capacity is very low (-20% MP).
You are resistant to hostile enchantments.
You occasionally shout uncontrollably at your foes.
Your spells are a little easier to cast, but a little less powerful.


Message History

The ogre shouts!
You hit the ogre.
The ogre is lightly wounded.
The ogre closely misses you.
You slash the ogre!
The ogre is heavily wounded.
You block the ogre's attack.
You slash the ogre!
The ogre is severely wounded.
You hit the ogre.
The ogre is severely wounded.
The ogre hits you with a giant club!!
You barely miss the ogre.
The ogre is severely wounded.
The ogre hits you with a giant club!
* * * LOW HITPOINT WARNING * * *
Your shield and scale mail prevent you from hitting the ogre.
The ogre is severely wounded.
The ogre hits you with a giant club!!
You die...

#..# #.....< #..## #)......
#...## #........ .....##
#.........
......########..........
..##........>(.........# #
#####................# ...### #
#...............# .......
##...#.......@O.## #......
###....#..........# ##......
##..................### ##.......
......................###........
....###.........###....#.........
##### ###...##### ##............
# #...## #............ #...#
##...##....... #..##
#....###......


You could see an ogre.

Vanquished Creatures
  The ghost of soonmide the Firebug, an experienced DrFE of Sif Muna (D:6)
  2 ice beasts (D:5)
  An ogre (D:4)
  A necrophage (D:3)
  A sky beast (D:6)
  A giant frog (D:5)
  A scorpion (D:5)
  The ghost of Charly the Charmwright, a weakling HESk (D:3)
  A wasp zombie (D:6)
  An iguana (D:6)
  A worker ant (D:4)
  An orc wizard (D:5)
  3 gnolls (D:5)
  5 adders
  4 giant mites
  A shadow imp (D:5)
  6 worms
  2 adder skeletons
  3 giant geckos
  2 oozes
  10 orcs
  6 giant cockroaches
  15 hobgoblins
  6 jackals
  2 quokkas
  7 bats
  A giant gecko skeleton (D:5)
  7 giant newts
  11 goblins
  A jackal skeleton (D:6)
  14 kobolds
  A quokka skeleton (D:4)
  12 rats
132 creatures vanquished.

Notes
Turn   | Place    | Note
--------------------------------------------------------------
     0 | D:1      | Monkaria, the Hill Orc Fighter, began the quest for the Orb.
     0 | D:1      | Reached XP level 1. HP: 19/19 MP: 1/1
   114 | D:1      | Reached XP level 2. HP: 13/27 MP: 2/2
   144 | D:1      | Reached skill level 4 in Fighting
   314 | D:1      | Reached XP level 3. HP: 28/33 MP: 3/3
  1010 | D:2      | Reached XP level 4. HP: 32/41 MP: 4/4
  1014 | D:2      | Reached skill level 5 in Axes
  1646 | D:2      | Reached XP level 5. HP: 42/47 MP: 5/5
  2131 | D:3      | Noticed Charly's ghost (weakling HESk)
  2144 | D:3      | Killed Charly's ghost
  2144 | D:3      | Reached skill level 5 in Fighting
  2144 | D:3      | Reached skill level 6 in Axes
  2246 | D:3      | Noticed a necrophage
  2268 | D:3      | Killed a necrophage
  2268 | D:3      | Reached XP level 6. HP: 35/56 MP: 6/6
  2450 | D:3      | Reached skill level 7 in Axes
  2639 | D:4      | Found a shattered altar of Ashenzari.
  2987 | D:4      | Reached skill level 8 in Axes
  2999 | D:4      | Found a blossoming altar of Fedhas.
  3200 | D:4      | Reached XP level 7. HP: 61/61 MP: 7/7
  3372 | D:5      | Entered Level 5 of the Dungeon
  3394 | D:5      | Reached skill level 9 in Axes
  3921 | D:5      | Found a blossoming altar of Fedhas.
  4009 | D:5      | Reached skill level 10 in Axes
  4407 | D:6      | Reached XP level 8. HP: 67/69 MP: 8/8
  4436 | D:6      | Reached skill level 11 in Axes
  4589 | D:6      | Gained mutation: Your spells are a little easier to cast, but a little less powerful. [mutagenic meat]
  4590 | D:6      | Gained mutation: You are dopey. (Int -2) [mutagenic meat]
  4591 | D:6      | Gained mutation: You are resistant to hostile enchantments. [mutagenic meat]
  4592 | D:6      | Gained mutation: Your magical capacity is low (-10% MP). [potion of mutation]
  4592 | D:6      | Gained mutation: Your magical capacity is very low (-20% MP). [potion of mutation]
  4593 | D:6      | Gained mutation: You are agile. (Dex +2) [potion of mutation]
  4593 | D:6      | Gained mutation: You are partially covered in large bone plates (AC +2, SH +2). [potion of mutation]
  4593 | D:6      | Gained mutation: You occasionally shout uncontrollably at your foes. [potion of mutation]
  4670 | D:6      | Identified Podd's Incunabulum of Venomous Shape Shifting
  4706 | D:6      | Found a staircase to the Ecumenical Temple.
  4720 | Temple   | Entered the Ecumenical Temple
  4918 | Temple   | Became a worshipper of Makhleb the Destroyer
  5023 | D:6      | Noticed soonmide's ghost (experienced DrFE)
  5040 | D:6      | HP: 3/69 [soonmide's ghost/bolt of negative energy (10)]
  5056 | D:6      | Killed soonmide's ghost
  5056 | D:6      | Reached skill level 13 in Axes
  5184 | D:6      | Mangled by an ogre

Action                   |  1- 3 |  4- 6 |  7- 9 || total
-------------------------+-------+-------+-------++-------
Melee: War axe           |   123 |   219 |   143 ||   485
  Use: Scroll            |       |     6 |       ||     6
       Potion            |       |       |     6 ||     6
  Eat: Chunk             |       |    17 |     7 ||    24
